 Dungeon Crawl Stone Soup version 0.31-a0-705-ga145531891 (webtiles) character file.

Game seed: 443287123119053006

390 Ofeo the Changeling (level 6, -1/43 HPs)
             Began as a Demonspawn Shapeshifter on Sept 9, 2023.
             Slain by an orc
             ... wielding a +0 falchion
              (4 damage)
             ... on level 4 of the Dungeon.
             The game lasted 00:04:43 (4909 turns).

Ofeo the Changeling (Demonspawn Shapeshifter)       Turns: 4909, Time: 00:04:44

Health: -1/43      AC:  8    Str: 14    XL:     6   Next: 50%
Magic:  6/6        EV: 10    Int: 18    God:
Gold:   251        SH:  0    Dex: 14    Spells: 5/5 levels left

rFire   . . .        i - +2 dagger (elec)
rCold   . . .        (no shield)
rNeg    . . .        s - +0 chain mail
rPois   +            (helmet currently unavailable)
rElec   .            (cloak currently unavailable)
rCorr   .            (gloves currently unavailable)
SInv    .            (boots currently unavailable)
Will    .....        (no amulet) Stlth
                     j - ring of poison resistance
HPRegen 0.27/turn    f - +6 ring of intelligence
MPRegen 0.20/turn

%: no passive effects
@: beast-form, studying Long Blades
A: beast (slay +3), magic regeneration, sturdy frame 3
a: Begin Untransformation


You were on level 4 of the Dungeon.
You were a hulking beast.
You visited 1 branch of the dungeon, and saw 5 of its levels.

You collected 251 gold pieces.

Inventory:

Hand Weapons
 i - a +2 dagger of electrocution (weapon)
Missiles
 k - a throwing net
Armour
 a - a +0 animal skin
 s - a +0 chain mail (worn)
Jewellery
 f - a +6 ring of intelligence (right hand)
 j - a ring of poison resistance (left hand)
Talismans
 c - a beast talisman (active)
 d - a flux talisman
Wands
 o - a wand of flame (26)
Scrolls
 g - a scroll of silence
 p - a scroll of blinking {@r4}
Potions
 e - a potion of haste {unknown}
 h - 2 potions of attraction {unknown}
 l - 3 potions of lignification
 n - a potion of cancellation {unknown}
 q - a potion of curing {@q1}
 r - 2 potions of might {unknown}


   Skills:
 - Level 1.1 Fighting
 - Level 1.8 Dodging
 - Level 2.7 Unarmed Combat
 + Level 6.2 Shapeshifting


You had 5 spell levels left.
You didn't know any spells.
Your spell library contained the following spells:

 Spells                   Type           Power      Damage    Failure   Level
 Sublimation of Blood     Necr           0%         N/A       65%         2
 Wereblood                Tmut           0%         N/A       65%         2
 Summon Hydra             Summ           0%         N/A       100%        7


Dungeon Overview and Level Annotations

Branches:
Dungeon (5/15)
 Temple: D:4-7

Altars:
Okawaru
Uskayaw

Shops:
D:2 (

Annotations:
D:1 2 transporters
D:3 1 runed translucent door, Crazy Yiuf


Innate Abilities, Weirdness & Mutations

You are a hulking beast.
Your limbs bulge with bestial killing power. (Slay +3)
You regenerate magic rapidly.
Your movements are significantly less encumbered by armour. (ER -6)


Message History

An orc priest comes into view. It is wielding a +0 flail.
The orc wizard barely misses you.
You closely miss the orc wizard.
The orc priest shouts!
The orc closely misses you.
The orc priest calls down the wrath of Beogh upon you.
Beogh smites you! The orc wizard barely misses you.
You take 8 damage, and have 32/43 hp.
You closely miss the orc wizard. The orc barely misses you.
The orc wizard misses you.
You hit the orc wizard.
Lightning courses through the orc wizard!
You kill the orc wizard!
The orc hits you with a +0 falchion. The iguana bites you.
The orc priest begins to cast a cantrip, but forgets the words!
You take 9 damage, and have 24/43 hp.
MASSIVE DAMAGE!!
The orc hits you with a +0 falchion. The iguana bites you.
Things that are here:
a +0 dagger; a +0 robe You take 7 damage, and have 17/43 hp.
The orc barely misses you.
The iguana bites you but does no damage.
The orc barely misses you.
There is a stone staircase leading up here.
The iguana bites you!
* * * LOW HITPOINT WARNING * * *
You climb upwards.
The goblin shouts!
There is a stone staircase leading down here.
You take 7 damage, and have 11/43 hp.
You closely miss the iguana. The orc hits you with a +0 falchion.
* * * LOW HITPOINT WARNING * * *
The iguana bites you!
* * * LOW HITPOINT WARNING * * *
The goblin hits you but does no damage.
You take 9 damage, and have 2/43 hp.
MASSIVE DAMAGE!!
You hit the iguana.
The iguana is moderately wounded.
The orc hits you with a +0 falchion.
You die...

#.# ##..# #.###
##.# #...## #.#
###..# #.########
##.####.##.....#
#....#..#.###.#
#....##.#.# #<#
##
#....'...o#######
.#
#....##..hg.....#
.#
#....####l#####.#
.# ###### #.# #.#
.# #.# #.# .# #.#
###.# .# #.#
#...# .#
#.###.### .#
#.#...#
#############
#.#.###


You could see an iguana, an orc and a goblin.

Vanquished Creatures
  A scorpion (D:4)
  2 hounds (D:4)
  A sleepcap (D:4)
  Terence (D:3)
  2 orc wizards
  5 adders
  4 gnolls (D:4)
  A worm (D:3)
  9 orcs (D:4)
  11 ball pythons
  6 bats
  7 endoplasms
  4 giant cockroaches
  2 goblins
  5 hobgoblins
  6 kobolds
  4 quokkas
  5 frilled lizards
  8 rats
84 creatures vanquished.

Notes
Turn   | Place    | Note
-------+----------+-------------------------------------------
     0 | D:1      | Ofeo the Demonspawn Shapeshifter began the quest for the
                  | Orb.
     0 | D:1      | Reached XP level 1. HP: 15/15 MP: 1/1
   218 | D:1      | Reached skill level 3 in Shapeshifting
   218 | D:1      | Gained mutation: Your movements are slightly less
                  | encumbered by armour. (ER -2) [demonic ancestry]
   218 | D:1      | Reached XP level 2. HP: 20/21 MP: 2/2
   225 | D:1      | Found a faded altar of an unknown god.
   941 | D:2      | Gained mutation: You regenerate magic rapidly. [demonic
                  | ancestry]
   941 | D:2      | Reached XP level 3. HP: 26/26 MP: 3/3
  1352 | D:2      | Found Rufauxza's Weapon Emporium.
  2165 | D:3      | Found a hide-covered altar of Uskayaw.
  2207 | D:3      | Reached skill level 4 in Shapeshifting
  2384 | D:3      | Found a runed translucent door.
  2385 | D:3      | Noticed Crazy Yiuf
  2440 | D:3      | Gained mutation: Your movements are less encumbered by
                  | armour. (ER -4) [demonic ancestry]
  2440 | D:3      | Reached XP level 4. HP: 16/32 MP: 4/4
  2600 | D:3      | Found an iron altar of Okawaru.
  2639 | D:3      | Noticed Terence
  2644 | D:3      | Killed Terence
  3420 | D:4      | Reached XP level 5. HP: 32/37 MP: 5/5
  3725 | D:4      | Reached skill level 5 in Shapeshifting
  4067 | D:4      | Gained mutation: Your movements are significantly less
                  | encumbered by armour. (ER -6) [demonic ancestry]
  4067 | D:4      | Reached XP level 6. HP: 43/43 MP: 6/6
  4648 | D:4      | Reached skill level 6 in Shapeshifting
  4785 | D:5      | Entered Level 5 of the Dungeon
  4908 | D:4      | HP: 2/43 [iguana (8)]
  4909 | D:4      | Slain by an orc

Illustrated notes

Levels and vault maps discovered:
D:1:      spicycebolla_arrival_transporter_tutorial, layout_loops_ring,
          hellmonk_ecumenical_altar_arch_garden, st_stairs_5,
          serial_park_tiny_pond
D:2:      minmay_evil_eye, layout_loops_ring, serial_shops, shop
D:3:      layout_loops_cross, lemuel_doored_altar, mainiacjoe_overflow_catwalk,
          kennysheep_generic_room_3, uniq_terence, uniq_crazy_yiuf_cottage
D:4:      layout_basic, amethyst_killhole, minmay_manual_moon
D:5:      layout_layer_cave, temple_fountains, biasface_ghost_orc_armoury,
          minmay_shop_damaged

Skill      XL: |  1  2  3  4  5  6 |
---------------+-------------------+-----
Shapeshifting  | 3 4 5 6 |  6.2
Fighting       | |  1.1
Dodging        | |  1.8
Unarmed Combat | |  2.7

Action                     |  1- 3 |  4- 6 || total
---------------------------+-------+-------++-------
  Melee: Unarmed           |    42 |       ||    42
         Dagger            |    70 |   140 ||   210
         Punch             |     1 |     1 ||     2
    Use: Scroll            |       |     9 ||     9
         Potion            |       |     2 ||     2
   Stab: Sleeping          |     1 |       ||     1
 Armour: Animal skin       |    45 |     5 ||    50
         Chain mail        |       |    96 ||    96
  Dodge: Dodged            |    77 |    79 ||   156

Table legend: (Time is in decaauts)
 A = Elapsed time spent in this place.
 B = Non-inter-level travel time spent in this place.
 C = Inter-level travel time spent in this place.
 D = Time resting spent in this place.
 E = Time spent auto-exploring this place.
 F = Levels seen in this place.
 G = Mean time per level.
                   A        B        C        D        E       F      G
               +--------+--------+--------+--------+--------+-----+--------+
         Total |   4911 |   4538 |    373 |    300 |   3578 |   5 |  982.2 |
       Dungeon |   4911 |   4538 |    373 |    300 |   3578 |   5 |  982.2 |
               +--------+--------+--------+--------+--------+-----+--------+

Top non-repeatable levels by time:
     D:4: 1329 daAuts
     D:3: 1325 daAuts
     D:2: 1314 daAuts
     D:1: 921 daAuts
     D:5: 20 daAuts
